AoeStats
← Correa Vergara

MegaRandom

515492446Analyzed
4v4 RM · 15d ago on Oct 22, 2026· 73m 5s· 8 players
Game mode
Random Map
Map size
Large (8 player)
Population
200
Speed
Normal
Resources
Standard
Victory
Conquest
Starting age
Dark Age
Ending age
Imperial Age
RankedLock teamsTeams togetherTeam positionsShared explorationLock speedFull tech treeHidden civsTurbo modeCheats
Victory
Defeat
🇨🇳 Varangians · China
1093
+14
🇨🇳 Dravidians · China
1070
+15
🇬🇧 Magyars · United Kingdom
1061
+15
🇨🇳 Chinese · China
1056
+15
vs
🇩🇰 Saxons · Denmark
1070
-16
🇨🇱 Malians · Chile
1044
-15
🇧🇬 Spanish · Bulgaria
1026
-14
🇳🇴 Portuguese · Norway
1023
-14
VincenT977
12:09 Feudal Age
17:45 Castle Age
30:22 Horse Collar
33:52 Double-Bit Axe
35:17 Wheelbarrow
39:44 Hand Cart
39:45 Bow Saw
39:38 Heavy Plow
44:07 Imperial Age
42:00 Great Wall
45:36 Imperial Age
48:01 Elite Chu Ko Nu
48:51 Crossbowman
52:07 Heavy Rocket Cart
53:49 Stone Mining
53:50 Gold Mining
56:15 Gold Shaft Mining
56:50 Two-Man Saw
57:22 Caravan
61:20 Conscription
61:21 Rocketry
64:44 Forging
64:34 Scale Mail Armor
64:25 Fletching
64:36 Padded Archer Armor
67:04 Chain Mail Armor
69:14 Iron Casting
68:59 Leather Archer Armor
70:22 Ballistics
71:13 Chemistry
70:03 Pikeman
70:44 Squires
71:18 Halberdier
supjason
10:22 Feudal Age
16:17 Loom
19:02 Castle Age
18:16 Stone Mining
18:37 Horse Collar
18:43 Double-Bit Axe
21:06 Bloodlines
22:13 Husbandry
25:28 Scale Barding Armor
29:11 Chain Barding Armor
30:52 Wheelbarrow
30:23 Heavy Plow
30:33 Bow Saw
32:37 Hand Cart
32:17 Gold Mining
36:18 Imperial Age
35:37 Gold Shaft Mining
34:58 Fletching
36:35 Ballistics
36:11 Murder Holes
36:14 Bodkin Arrow
36:27 Elite Magyar Huszar
38:00 Conscription
38:23 Plate Barding Armor
39:06 Bracer
47:40 Chemistry
46:21 Treadmill Crane
47:45 Chemistry
56:59 Padded Archer Armor
57:29 Heavy Cavalry Archer
58:36 Parthian Tactics
58:20 Thumb Ring
58:34 Leather Archer Armor
58:46 Recurve Bow
59:07 Corvinian Army
1031660726
10:37 Feudal Age
11:38 Double-Bit Axe
11:48 Horse Collar
12:24 Loom
18:45 Castle Age
17:28 Gold Mining
18:59 Scale Barding Armor
18:56 Scale Mail Armor
25:30 Heavy Plow
25:46 Bow Saw
26:40 Bloodlines
28:22 Wheelbarrow
33:00 Husbandry
33:23 Chain Barding Armor
33:14 Forging
38:25 Imperial Age
37:58 Iron Casting
38:33 Hand Cart
38:03 Town Watch
40:16 Two-Man Saw
39:48 Crop Rotation
39:26 Elite Jarl
40:52 Gothikon
40:54 Vendel Legacy
41:55 Conscription
41:41 Stone Mining
42:32 Plate Barding Armor
43:03 Town Patrol
44:18 Blast Furnace
45:09 Onager
57:44 Masonry
58:40 Cavalier
58:43 Light Cavalry
61:10 Hussar
6691205
12:39 Feudal Age
13:55 Double-Bit Axe
14:03 Loom
18:36 Fishing Lines
21:33 Castle Age
20:11 Padded Archer Armor
20:03 Fletching
21:27 Wheelbarrow
22:28 Bow Saw
22:06 Elite Skirmisher
22:51 Bodkin Arrow
23:46 Leather Archer Armor
25:21 Hand Cart
31:21 Imperial Age
29:23 Masonry
29:50 Town Watch
30:08 Gillnets
31:24 Gold Mining
31:25 Stone Mining
33:35 Two-Man Saw
34:24 Ring Archer Armor
33:54 Bracer
35:52 Thumb Ring
36:13 Ballistics
36:53 Chemistry
38:03 Bracer
38:42 Conscription
39:17 Fortified Wall
39:25 Medical Corps
39:28 Elite Elephant Archer
41:13 Horse Collar
42:52 Husbandry
43:30 Medical Corps
44:36 Town Patrol
53:30 Scale Mail Armor
53:40 Forging
55:57 Chain Mail Armor
56:18 Iron Casting
56:15 Arrowslits
56:18 Elite Urumi Swordsman
57:29 Plate Mail Armor
64:01 Hoardings
69:22 Blast Furnace
68:53 Gambesons
69:31 Wootz Steel
69:58 Squires
Northlander
2:34 Loom
12:09 Feudal Age
19:16 Castle Age
17:52 Scale Mail Armor
20:40 Pikeman
21:36 Forging
21:23 Horse Collar
24:50 Wheelbarrow
24:22 Double-Bit Axe
24:48 Stone Mining
25:07 Town Watch
27:55 Chain Mail Armor
29:01 Fletching
29:11 Padded Archer Armor
30:49 Iron Casting
30:30 Crossbowman
32:21 Bodkin Arrow
32:42 Leather Archer Armor
33:43 Ballistics
37:10 Thumb Ring
40:44 Imperial Age
38:43 Squires
40:46 Heavy Plow
40:52 Shield Wall
41:04 Elite Skirmisher
42:09 Bow Saw
41:52 Capped Ram
44:25 Elite Hearth Troop
46:20 Two-Man Saw
45:59 Plate Mail Armor
45:30 Bracer
46:38 Hand Cart
48:50 Chemistry
47:48 Murder Holes
48:11 Arson
50:44 Halberdier
59:22 Bracer
62:56 Guard Tower
63:37 Elite Varangian Guard
67:12 Crop Rotation
66:44 Town Patrol
Correa Vergara
3:07 Loom
10:41 Feudal Age
16:16 Castle Age
15:37 Horse Collar
18:01 Man-at-Arms
20:27 Heavy Plow
21:48 Squires
23:03 Double-Bit Axe
25:37 Wheelbarrow
24:48 Town Watch
26:06 Stone Mining
28:33 Long Swordsman
32:56 Imperial Age
30:44 Bow Saw
31:34 Pikeman
33:06 Hand Cart
33:38 Capped Ram
35:34 Crop Rotation
36:45 Forging
36:35 Scale Mail Armor
36:06 Two-Handed Swordsman
37:55 Chemistry
36:55 Arson
37:27 Caravan
37:35 Champion
38:51 Ballistics
39:15 Iron Casting
38:55 Chain Mail Armor
40:10 Chain Mail Armor
41:37 Plate Mail Armor
44:01 Ballistics
43:36 Elite Gbeto
44:40 Conscription
Znow
6:32 Loom
9:26 Feudal Age
10:30 Double-Bit Axe
11:36 Horse Collar
13:03 Scale Barding Armor
14:23 Bloodlines
16:25 Fletching
18:11 Forging
24:05 Castle Age
24:15 Stone Mining
25:58 Chain Barding Armor
25:25 Pikeman
26:53 Wheelbarrow
28:02 Iron Casting
27:55 Hand Cart
27:47 Heavy Plow
29:37 Town Watch
29:15 Elite Skirmisher
31:06 Thumb Ring
37:09 Imperial Age
36:06 Fletching
36:42 Ballistics
37:14 Town Patrol
37:18 Bodkin Arrow
37:14 Gambesons
40:06 Conscription
40:31 Elite Organ Gun
43:29 Chemistry
44:38 Circumnavigation
44:39 Arquebus
45:56 Plate Barding Armor
45:23 Scale Mail Armor
46:24 Blast Furnace
46:20 Stone Shaft Mining
45:50 Halberdier
46:47 Caravan
47:21 Coinage
47:30 Bracer
50:47 Chain Mail Armor
64:16 Guilds
66:09 Husbandry
65:30 Light Cavalry
70:13 Plate Barding Armor
SigmundFreud
6:08 Loom
10:56 Feudal Age
12:27 Double-Bit Axe
16:53 Town Watch
17:44 Gold Mining
17:44 Stone Mining
22:07 Horse Collar
28:25 Castle Age
27:25 Fletching
27:40 Padded Archer Armor
28:01 Forging
29:36 Bodkin Arrow
29:57 Leather Archer Armor
29:06 Pikeman
29:48 Squires
31:36 Heavy Plow
31:54 Husbandry
34:05 Bloodlines
36:15 Arson
39:20 Thumb Ring
Connection lost

Rejoining the realm…

Still unreachable

The connection could not be restored.

Session expired

The server has moved on; the page needs a fresh start.